 Dungeon Sprint DCSS version 0.17.1-3-g152610e (webtiles) character file.

273 Symetrie the Basher (level 6, 0/51 HPs)
             Began as a Demonspawn Chaos Knight on Mar 17, 2016.
             Slain by a slime creature (16 damage)
             ... in the Dungeon (Sprint I: "Red Sonja").
             The game lasted 00:01:18 (145 turns).

Symetrie the Basher (Demonspawn Chaos Knight)        Turns: 145, Time: 00:01:22

Health: 0/51       AC:  5    Str: 18    XL:     6   Next: 2%
Magic:  0/6        EV: 11    Int: 14    God:    Xom [..*...]
Gold:   162        SH:  0    Dex: 13    Spells: 0 memorised, 5 levels left

rFire  + . .     SeeInvis .     a - +0 mace (chaos)
rCold  . . .     Clarity  .     b - +2 leather armour
rNeg   . . .     SustAt   .     (no shield)
rPois  .         Gourm    .     (no helmet)
rElec  .         Spirit   +     (no cloak)
rCorr  .         Warding  .     (no gloves)
rMut   .         NoTele   +     (no boots)
MR     .....                    (no amulet)
Stlth  +.........               (no ring)
                                (no ring)

@: mighty, not resistant to hostile enchantments, very unstealthy
A: fire resistance 1, magic shield
a: Renounce Religion


You were in the Dungeon.
You worshipped Xom.
You were a toy of Xom.
You were not hungry.

You visited 1 branch You collected 162 gold pieces.

Inventory:

Hand Weapons
 a - a +0 mace of chaos (weapon)
 k - a +0 club
Armour
 b - a +2 leather armour (worn)
Wands
 j - a wand of polymorph (11)
Scrolls
 i - a scroll of blinking
Potions
 d - a potion of curing
 e - a potion of heal wounds
 f - a potion of haste
 g - 2 potions of magic
 h - a potion of berserk rage
 l - a potion of degeneration {unknown}
Comestibles
 c - a bread ration


   Skills:
 - Level 5.0 Fighting
 + Level 10.9 Maces & Flails
 - Level 2.4 Armour
 - Level 1.0 Dodging
 - Level 0.6 Stealth


You had 5 spell levels left.
You didn't know any spells.

Dungeon Overview and Level Annotations

Branches:
Dungeon (1/1)

Altars:
Cheibriados
Dithmenos
Fedhas
Jiyva


Innate Abilities, Weirdness & Mutations

Your flesh is heat resistant.
When hurt, damage is shared between your health and your magic reserves.


Message History

You are now a toy of Xom.
The slime creature hits you!
You thump the slime creature!
The slime creature is moderately wounded.
The slime creature hits you!
You sock the slime creature! You burn the slime creature.
The slime creature is heavily wounded.
You sock the slime creature!
The slime creature is severely wounded.
The slime creature hits you!
You thump the slime creature!
You heal the slime creature.
The slime creature is moderately wounded. x2
The slime creature is no longer moving slowly.
You sock the slime creature!
The slime creature is moderately wounded.
Xom grants you insight.
You feel aware of your surroundings.
You sensed 9 altars.
The slime creature hits you!!
You die...
Xom roars with laughter!

###################**** *
#<.#..').#.)'..#__#,,+,,,
#..'..#..'§.#.§@J.+, * ,
* #..#####'#####+#__#
**,, #..# *#.§#,,, ###,,
* #..# ####,,* * ≈,,*,,
#..# ,,__ + , +≈≈≈ , *
#⌠⌠#_ ,, ,_* ,,* ####_ ,
* *+* **** ** _ ___* *+*,
,* * + * * ** * ,


You could see a slime creature.

Vanquished Creatures
  Sigmund (D)
  An ogre (D)
  Ijyb (D)
3 creatures vanquished.

Notes
Turn   | Place    | Note
--------------------------------------------------------------
     0 | D        | Symetrie the Demonspawn Chaos Knight began the quest for the Orb.
     0 | D        | Reached XP level 1. HP: 18/18 MP: 1/1
     1 | D        | Noticed Ijyb
     1 | D        | XOM: harmless Ice miscast
     9 | D        | Killed Ijyb
     9 | D        | Reached skill level 5 in Fighting
     9 | D        | Reached skill level 1 in Dodging
     9 | D        | Gained mutation: Your flesh is heat resistant. [demonic ancestry]
     9 | D        | Reached XP level 2. HP: 18/27 MP: 2/2
    14 | D        | Noticed an ogre
    24 | D        | Killed an ogre
    24 | D        | Reached skill level 8 in Maces & Flails
    24 | D        | Reached XP level 3. HP: 23/33 MP: 3/3
    24 | D        | Reached XP level 4. HP: 27/39 MP: 4/4
    48 | D        | XOM: colour smoke trail
   118 | D        | Noticed Sigmund
   124 | D        | Killed Sigmund
   124 | D        | Reached skill level 10 in Maces & Flails
   124 | D        | Gained mutation: When hurt, damage is shared between your health and your magic reserves. [demonic ancestry]
   124 | D        | Reached XP level 5. HP: 44/44 MP: 5/5
   124 | D        | Reached XP level 6. HP: 51/51 MP: 6/6
   137 | D        | Found a snail-covered altar of Cheibriados.
   137 | D        | Found a viscous altar of Jiyva.
   137 | D        | Found a shadowy altar of Dithmenos.
   137 | D        | Found a blossoming altar of Fedhas.
   137 | D        | Noticed a slime creature
   140 | D        | XOM: potion effect (might)
   145 | D        | XOM: divination: magic mapping
   145 | D        | Slain by a slime creature

Action                   |  1- 3 |  4- 6 || total
-------------------------+-------+-------++-------
Melee: Unarmed           |    12 |       ||    12
       Mace              |     2 |    11 ||    13
 Stab: Confused          |     2 |       ||     2
       Sleeping          |       |     1 ||     1
